 Dungeon Crawl Stone Soup version 0.22-a0-274-gf8199ec (webtiles) character file.

84 tilp the Skirmisher (level 4, -1/37 HPs)
             Began as a Human Wanderer on Mar 14, 2018.
             Was an Initiate of Wu Jian.
             Succumbed to an adder's poison
             ... on level 2 of the Dungeon.
             The game lasted 00:06:45 (2831 turns).

tilp the Skirmisher (Human Wanderer)                Turns: 2831, Time: 00:06:46

Health: -1/37      AC:  5    Str: 10 (12) XL:     4   Next: 74%
Magic:  5/5        EV:  9    Int: 13 (16) God:    Wu Jian [......]
Gold:   131        SH:  0    Dex:  8 (10) Spells: 5/5 levels left

rFire    . . .     SeeInvis .   a - +0 hand axe
rCold    . . .     Gourm    .   (no shield)
rNeg     . . .     Faith    .   j - +0 ring mail
rPois    .         Spirit   .   (no helmet)
rElec    .         Reflect  .   (no cloak)
rCorr    .         Harm     .   (no gloves)
MR       .....                  (no boots)
Stlth    ..........             (no amulet)
HPRegen  0.12/turn              (no ring)
MPRegen  0.09/turn              (no ring)

@: lethally poisoned (-1 -> -22), flying
A: no striking features
a: Renounce Religion


You were on level 2 of the Dungeon.
You worshipped Wu Jian.
Wu Jian was noncommittal.
You were not hungry.

You visited 1 branch of the dungeon, and saw 3 of its levels.

You collected 131 gold pieces.

Inventory:

Hand Weapons
 a - a +0 hand axe (weapon)
 n - a +0 hunting sling
Missiles
 e - 88 stones (quivered)
Armour
 c - a +0 robe
 d - a +0 leather armour
 j - a +0 ring mail (worn)
Scrolls
 g - a scroll of magic mapping {unknown}
 i - a scroll of enchant armour {unknown}
 k - 4 scrolls of identify {unknown}
 l - 2 scrolls of teleportation {unknown}
Potions
 b - a potion of haste {unknown}
 h - a potion of brilliance {unknown}
 m - a potion of degeneration
Comestibles
 f - a ration
 p - 4 chunks of flesh


   Skills:
 + Level 3.9 Fighting
   Level 2.0 Shields
 - Level 1.0 Spellcasting
   Level 1.0 Hexes
   Level 2.0 Charms
   Level 3.0 Transmutations
   Level 1.0 Poison Magic


You had 5 spell levels left.
You didn't know any spells.

Dungeon Overview and Level Annotations

Branches:
Dungeon (3/15)

Altars:
Wu Jian


Message History

You are more poisoned.
The adder poisons you!
You closely miss the adder.
The adder is severely wounded.
* * * LOW HITPOINT WARNING * * *
You feel very sick. The adder bites you.
* * * LOW HITPOINT WARNING * * *
It was a potion of degeneration.
There was something very wrong with that liquid.
You feel weakened.
You feel dopey.
You feel clumsy.
* * * LOW HITPOINT WARNING * * *
You feel sick. The adder bites you.
* * * LOW HITPOINT WARNING * * *
You are more poisoned.
The adder poisons you! The adder misses you.
It was a potion of flight.
You feel very buoyant.
You fly up into the air.
You die...

##############
#............########
#.#######...gS@.....# #.#
#.##.######.# #.# ####>##.# #<###
###.# ##.##.##.# #.#.##
..#.###.....##.######....#
#.#.................###.##
#.#.#..........####.#...#########
......##.#####.# #.#............
#.#............# #.#...#########


You could see an adder and a hobgoblin.

Vanquished Creatures
  3 adders (D:2)
  An ooze (D:2)
  3 dart slugs (D:2)
  6 bats
  4 goblins
  9 hobgoblins
  2 jackals (D:1)
  6 kobolds (D:1)
  A quokka (D:2)
  A ball python (D:1)
  4 frilled lizards
  9 rats
49 creatures vanquished.

Notes
Turn   | Place    | Note
-------+----------+-------------------------------------------
     0 | D:1      | tilp the Human Wanderer began the quest for the Orb.
     0 | D:1      | tilp set off with: a +0 robe, a +0 club, a ration
     0 | D:1      | Reached XP level 1. HP: 13/13 MP: 2/2
    83 | D:1      | Reached skill level 1 in Fighting
   385 | D:1      | Reached XP level 2. HP: 13/21 MP: 3/3
   907 | D:1      | Reached XP level 3. HP: 24/28 MP: 4/4
  1792 | D:2      | Found an ornate altar of the Wu Jian Council.
  1809 | D:2      | Became a worshipper of the Wu Jian Council
  1938 | D:2      | Reached XP level 4. HP: 18/35 MP: 5/5
  2811 | D:3      | Noticed an ogre
  2830 | D:2      | HP: 1/37 [adder (4)]
  2831 | D:2      | Succumbed to an adder's poison

Vault maps used:
D:1:      kennysheep_arrival_seaside
D:2:      overflow_temple_1_default
D:3:      tgw_sif, first_ration, uniq_ijyb

Skill      XL: |  1  2  3 |
---------------+----------+-----
Fighting       | 1 2 3 |  3.9
Shields        | |  2.0
Spellcasting   | |  1.0
Hexes          | |  1.0
Charms         | |  2.0
Transmutations | |  3.0
Poison Magic   | |  1.0

Action                   |  1- 3 |  4- 6 || total
-------------------------+-------+-------++-------
Melee: Hand axe          |   149 |    55 ||   204
Throw: Stone             |     1 |    15 ||    16
Invok: Lunge             |       |     1 ||     1
  Use: Potion            |       |     2 ||     2
  Eat: Chunk             |     3 |     3 ||     6
Armor: Robe              |    17 |       ||    17
       Leather armour    |     6 |       ||     6
       Ring mail         |    45 |    23 ||    68
Dodge: Dodged            |   111 |    29 ||   140

Table legend:
 A = Spawn XP
 B = Non-spawn XP
 C = Spawn XP percentage of total XP
 D = Spawn monster count
 E = Non-spawn monster count
 F = Spawn count percentage of total count
 G = Total turns spent on level
                    A         B        C        D         E        F      G
               +---------+---------+-------+---------+---------+-------+---------
         Total |       0 |     121 |   0.0 |       0 |      49 |   0.0 |  2831
               +---------+---------+-------+---------+---------+-------+---------
           D:1 |       0 |      39 |   0.0 |       0 |      27 |   0.0 |  1486
           D:2 |       0 |      82 |   0.0 |       0 |      22 |   0.0 |  1333
               +---------+---------+-------+---------+---------+-------+---------
